 Dungeon Crawl Stone Soup version 0.21.1-1-g345015f (webtiles) character file.

583 tidbits the Insei (level 7, 0/52 HPs)
             Began as a Gnoll Transmuter on Feb 14, 2018.
             Slain by an orc
             ... wielding a +0 dagger
              (2 damage)
             ... on level 5 of the Dungeon.
             The game lasted 00:11:23 (1087 turns).

tidbits the Insei (Gnoll Transmuter)                Turns: 1087, Time: 00:11:24

Health: 0/52       AC:  3    Str: 12    XL:     7   Next: 37%
Magic:  15/15      EV: 15    Int: 18    God:
Gold:   113        SH:  0    Dex: 15    Spells: 11/17 levels left

rFire    . . .     SeeInvis .   j - +0 dagger
rCold    . . .     Gourm    .   (no shield)
rNeg     . . .     Faith    .   B - +0 robe
rPois    .         Spirit   .   E - +0 helmet
rElec    .         Reflect  .   (no cloak)
rCorr    .         Harm     .   (no gloves)
MR       .....                  (no boots)
Stlth    ++........             (no amulet)
HPRegen  0.17/turn              (no ring)
MPRegen  0.14/turn              (no ring)

@: no status effects
A: distributed training, fangs 1, strong nose
a: no special abilities


You were on level 5 of the Dungeon.
You were full.

You visited 1 branch of the dungeon, and saw 6 of its levels.

You collected 113 gold pieces.

Inventory:

Hand Weapons
 e - a +0 short sword
 j - a +0 dagger (weapon)
 l - a +0 dagger
 n - a +1 dagger of venom
   (You took it off an orc wizard on level 3 of the Dungeon)
 t - a +0 hand axe of flaming
   (You took it off an orc on level 3 of the Dungeon)
 v - a +0 war axe of chopping
   (You found it on level 3 of the Dungeon)
 x - a +0 blowgun
Missiles
 a - 40 arrows
 f - 41 stones (quivered)
 k - 2 throwing nets {!f}
 o - 7 tomahawks
 y - 13 poisoned needles
Armour
 q - a +0 pair of boots
 B - a +0 robe (worn)
 E - a +0 helmet (worn)
Wands
 b - a wand of scattershot (4)
Scrolls
 g - a scroll of amnesia
 h - 3 scrolls of enchant armour
 i - 2 scrolls of enchant weapon
 r - 2 scrolls of remove curse
Potions
 s - a potion of ambrosia
Books
 d - a book of Changes

   Spells                             Type                      Level
   a - Beastly Appendage              Transmutation                1
   b - Sticks to Snakes               Transmutation                2
   c - Spider Form                    Transmutation/Poison         3
   d - Ice Form                       Ice/Transmutation            4
   e - Blade Hands                    Transmutation                5
Comestibles
 c - 9 rations


   Skills:
 + Level 3.5 Fighting
 + Level 2.4 Short Blades
 + Level 2.4 Long Blades
 + Level 2.4 Axes
 + Level 2.4 Maces & Flails
 + Level 2.4 Polearms
 + Level 2.4 Staves
 + Level 2.4 Slings
 + Level 2.4 Bows
 + Level 2.4 Crossbows
 + Level 2.4 Throwing
 + Level 2.4 Armour
 + Level 5.2 Dodging
 + Level 2.4 Stealth
 + Level 2.4 Shields
 + Level 7.0 Unarmed Combat
 + Level 5.6 Spellcasting
 + Level 2.0 Conjurations
 + Level 2.0 Hexes
 + Level 2.0 Charms
 + Level 2.0 Summonings
 + Level 2.0 Necromancy
 + Level 2.0 Translocations
 + Level 4.3 Transmutations
 + Level 2.0 Fire Magic
 + Level 2.0 Ice Magic
 + Level 2.0 Air Magic
 + Level 2.0 Earth Magic
 + Level 2.0 Poison Magic
 + Level 2.6 Invocations
 + Level 2.4 Evocations


You had 11 spell levels left.
You knew the following spells:

 Your Spells              Type           Power        Failure   Level  Hunger
e - Beastly Appendage     Tmut           ###...       2%          1    None
k - Sticks to Snakes      Tmut           ###.....     3%          2    None
p - Spider Form           Tmut/Pois      ###.......   11%         3    ##.....


Dungeon Overview and Level Annotations

Branches:
Dungeon (6/15)
 Temple: D:4-7

Altars:


Innate Abilities, Weirdness & Mutations

Your experience applies equally to all skills.
You have very sharp teeth.
Your uncanny sense of smell can sniff out nearby items.


Message History

* * * LOW HITPOINT WARNING * * *
Unknown command.
Evoke which item? (* to show all) (? for menu, Esc to quit)
Aiming: Scattershot
Press: ? - help, Shift-Dir - straight line The burst of metal fragments hits something.
Your Unarmed Combat skill increases to level 7!
You feel a bit more experienced. The frilled lizard barely misses you.
Unknown command.
Casting: Spider Form
Confirm with . or Enter, or press ? or * to list all spells.
You turn into a venomous arachnid creature.
Your +0 dagger melds into your body.
Your +0 helmet melds into your body.
Your +0 robe melds into your body.
The sentinel's mark upon you fades away.
The frilled lizard barely misses you.
An orc priest comes into view. It is wielding a hand axe.
Okay, then.
You hit the frilled lizard.
You kill the frilled lizard!
Okay, then.
As you read the scroll of fog, it crumbles to dust.
The scroll dissolves into smoke.
You are confused.
You feel invigorated.
An orc comes into view. It is wielding a flail.
Unknown command.
Unknown command.
Your transformation is almost over.
An orc comes into view. It is wielding a short sword.
You're too confused to move!
The orc priest barely misses you.
An orc comes into view.
It is wielding a hand axe. 2 orcs come into view.
The orc shouts! x3
The orc hits you with a short sword.
The orc priest hits you but does no damage.
The orc closely misses you.
You bite the orc!
You kill the orc!
The orc misses you.
The orc priest invokes the aid of Beogh against you.
You struggle to resist.
The orc closely misses you.
Unknown command.
You're too confused to move!
You feel less invigorated.
You feel less confused. The orc completely misses you.
The orc priest hits you but does no damage.
The orc completely misses you.
Unknown command.
You bite the orc priest!
The orc priest is poisoned.
The orc priest is severely wounded.
The orc closely misses you. The orc misses you. The orc completely misses you.
The orc priest misses you.
Unknown command.
You hit the orc priest.
You kill the orc priest!
Your Conjurations skill increases to level 2!
Your Hexes skill increases to level 2!
Your Charms skill increases to level 2!
Your Summonings skill increases to level 2!
Your Necromancy skill increases to level 2!
Your Translocations skill increases to level 2!
Your Fire Magic skill increases to level 2!
Your Ice Magic skill increases to level 2!
Your Air Magic skill increases to level 2!
Your Earth Magic skill increases to level 2!
Your Poison Magic skill increases to level 2!
The orc hits you with a short sword. The orc barely misses you. x2
The orc completely misses you.
You closely miss the orc. The orc hits you with a dagger.
The orc hits you with a short sword. The orc hits you with a hand axe.
The orc completely misses you. The orc misses you.
You barely miss the orc.
Your transformation has ended.
Your +0 dagger unmelds from your body.
Your +0 helmet unmelds from your body.
Your +0 robe unmelds from your body.
The orc hits you with a dagger. The orc hits you but does no damage.
The orc hits you with a hand axe.
* * * LOW HITPOINT WARNING * * *
The orc hits you with a flail.
* * * LOW HITPOINT WARNING * * *
Unknown command.
You barely miss the orc. The orc misses you. The orc barely misses you.
The orc closely misses you. The orc barely misses you.
You hit the orc. Your bite misses the orc.
The orc is moderately wounded.
The orc barely misses you. The orc hits you with a flail!
* * * LOW HITPOINT WARNING * * *
The orc closely misses you. The orc completely misses you.
You closely miss the orc.
The orc is moderately wounded.
The orc barely misses you. The orc misses you. The orc hits you with a dagger.
* * * LOW HITPOINT WARNING * * *
The orc barely misses you. x2
You closely miss the orc.
The orc is moderately wounded.
The orc hits you with a hand axe.
* * * LOW HITPOINT WARNING * * *
The orc hits you.
* * * LOW HITPOINT WARNING * * *
The orc hits you with a dagger.
You die...

#######....###.#.#.##....
+.....'....+.....#.#.....
#######....###.#...##.#..
#....# #.#...##.#..
#....# #.#...#.....
#######§§..###.#...#..#..
.....§.........#...##.#.#
......§§§o.....#.........
.....§.§@o.....#...##.#.#
....[.†ooo.....#.#....#.#
.......§§......#.#.##.#.#
...............#.#..#.#.#
...............#.#..#.#.#
...............#.##...#.#
..............##......#.#
..............####....#
..............# #....#


You could see 5 orcs.

Vanquished Creatures
  Grinder (D:3)
  A sky beast (D:5)
  An orc priest (D:5)
  4 orc wizards
  2 worker ants (D:4)
  A howler monkey zombie (D:5)
  A worker ant zombie (D:5)
  A gnoll (D:4)
  2 adders
  2 oozes (D:3)
  A worm (D:4)
  A dart slug (D:1)
  A leopard gecko (D:1)
  13 orcs
  A bat (D:1)
  5 giant cockroaches
  4 hobgoblins
  8 kobolds
  2 quokkas
  6 frilled lizards
  A leopard gecko zombie (D:5)
  A quokka zombie (D:5)
  3 rats
63 creatures vanquished.

Vanquished Creatures (collateral kills)
  A giant cockroach (D:4)
1 creature vanquished.

Vanquished Creatures (others)
  2 fungi (D:3)
  7 toadstools (D:3)
9 creatures vanquished.

Grand Total: 73 creatures vanquished

Notes
Turn   | Place    | Note
-------+----------+-------------------------------------------
     0 | D:1      | tidbits the Gnoll Transmuter began the quest for the Orb.
     0 | D:1      | Reached XP level 1. HP: 17/17 MP: 6/6
    25 | D:1      | Reached XP level 2. HP: 20/23 MP: 7/7
    30 | D:1      | Learned a level 2 spell: Sticks to Snakes
   175 | D:2      | Reached XP level 3. HP: 21/28 MP: 6/9
   180 | D:2      | Learned a level 3 spell: Spider Form
   184 | D:2      | Reached skill level 5 in Spellcasting
   374 | D:5      | Entered Level 5 of the Dungeon
   429 | D:4      | Reached skill level 1 in Short Blades
   429 | D:4      | Reached skill level 1 in Long Blades
   429 | D:4      | Reached skill level 1 in Axes
   429 | D:4      | Reached skill level 1 in Maces & Flails
   429 | D:4      | Reached skill level 1 in Polearms
   429 | D:4      | Reached skill level 1 in Staves
   429 | D:4      | Reached skill level 1 in Slings
   429 | D:4      | Reached skill level 1 in Bows
   429 | D:4      | Reached skill level 1 in Crossbows
   429 | D:4      | Reached skill level 1 in Throwing
   429 | D:4      | Reached skill level 1 in Armour
   429 | D:4      | Reached skill level 1 in Stealth
   429 | D:4      | Reached skill level 1 in Shields
   429 | D:4      | Reached skill level 1 in Invocations
   429 | D:4      | Reached skill level 1 in Evocations
   429 | D:4      | Reached XP level 4. HP: 29/34 MP: 8/11
   471 | D:4      | Reached skill level 1 in Conjurations
   471 | D:4      | Reached skill level 1 in Hexes
   471 | D:4      | Reached skill level 1 in Charms
   471 | D:4      | Reached skill level 1 in Summonings
   471 | D:4      | Reached skill level 1 in Necromancy
   471 | D:4      | Reached skill level 1 in Translocations
   471 | D:4      | Reached skill level 1 in Fire Magic
   471 | D:4      | Reached skill level 1 in Ice Magic
   471 | D:4      | Reached skill level 1 in Air Magic
   471 | D:4      | Reached skill level 1 in Earth Magic
   471 | D:4      | Reached skill level 1 in Poison Magic
   483 | D:4      | Reached XP level 5. HP: 26/40 MP: 4/12
   594 | D:4      | Reached skill level 3 in Fighting
   594 | D:4      | Reached skill level 4 in Transmutations
   680 | D:3      | Noticed Grinder
   696 | D:3      | Killed Grinder
   696 | D:3      | Reached skill level 2 in Short Blades
   696 | D:3      | Reached skill level 2 in Long Blades
   696 | D:3      | Reached skill level 2 in Axes
   696 | D:3      | Reached skill level 2 in Maces & Flails
   696 | D:3      | Reached skill level 2 in Polearms
   696 | D:3      | Reached skill level 2 in Staves
   696 | D:3      | Reached skill level 2 in Slings
   696 | D:3      | Reached skill level 2 in Bows
   696 | D:3      | Reached skill level 2 in Crossbows
   696 | D:3      | Reached skill level 2 in Throwing
   696 | D:3      | Reached skill level 2 in Armour
   696 | D:3      | Reached skill level 5 in Dodging
   696 | D:3      | Reached skill level 2 in Stealth
   696 | D:3      | Reached skill level 2 in Shields
   696 | D:3      | Reached skill level 2 in Invocations
   696 | D:3      | Reached skill level 2 in Evocations
   696 | D:3      | Reached XP level 6. HP: 23/47 MP: 5/14
   976 | D:4      | Reached XP level 7. HP: 22/52 MP: 12/15
  1066 | D:5      | HP: 1/52 [something (6)]
  1067 | D:5      | Reached skill level 7 in Unarmed Combat
  1081 | D:5      | Reached skill level 2 in Conjurations
  1081 | D:5      | Reached skill level 2 in Hexes
  1081 | D:5      | Reached skill level 2 in Charms
  1081 | D:5      | Reached skill level 2 in Summonings
  1081 | D:5      | Reached skill level 2 in Necromancy
  1081 | D:5      | Reached skill level 2 in Translocations
  1081 | D:5      | Reached skill level 2 in Fire Magic
  1081 | D:5      | Reached skill level 2 in Ice Magic
  1081 | D:5      | Reached skill level 2 in Air Magic
  1081 | D:5      | Reached skill level 2 in Earth Magic
  1081 | D:5      | Reached skill level 2 in Poison Magic
  1087 | D:5      | HP: 2/52 [orc (4)]
  1087 | D:5      | Slain by an orc

Skill      XL: |  1  2  3  4  5  6  7 |
---------------+----------------------+-----
Spellcasting   | 5 |  5.6
Short Blades   | 1 2 |  2.4
Long Blades    | 1 2 |  2.4
Axes           | 1 2 |  2.4
Maces & Flails | 1 2 |  2.4
Polearms       | 1 2 |  2.4
Staves         | 1 2 |  2.4
Slings         | 1 2 |  2.4
Bows           | 1 2 |  2.4
Crossbows      | 1 2 |  2.4
Throwing       | 1 2 |  2.4
Armour         | 1 2 |  2.4
Stealth        | 1 2 |  2.4
Shields        | 1 2 |  2.4
Invocations    | 1 2 |  2.6
Evocations     | 1 2 |  2.4
Conjurations   | 1 2 |  2.0
Hexes          | 1 2 |  2.0
Charms         | 1 2 |  2.0
Summonings     | 1 2 |  2.0
Necromancy     | 1 2 |  2.0
Translocations | 1 2 |  2.0
Fire Magic     | 1 2 |  2.0
Ice Magic      | 1 2 |  2.0
Air Magic      | 1 2 |  2.0
Earth Magic    | 1 2 |  2.0
Poison Magic   | 1 2 |  2.0
Fighting       | 3 |  3.5
Transmutations | 4 |  4.3
Dodging        | 5 |  5.2
Unarmed Combat | 7 |  7.0

Action                   |  1- 3 |  4- 6 |  7- 9 || total
-------------------------+-------+-------+-------++-------
Melee: Unarmed           |    63 |    88 |    29 ||   180
       Bite              |     8 |       |       ||     8
       Headbutt          |     1 |       |       ||     1
       Punch             |     1 |       |       ||     1
       Kick              |     7 |       |       ||     7
       Dagger            |       |     8 |     4 ||    12
 Cast: Beastly Appendage |     7 |     1 |       ||     8
       Sticks to Snakes  |     1 |     5 |     1 ||     7
       Spider Form       |     2 |    11 |     2 ||    15
 Abil: End Transformatio |       |       |     1 ||     1
Evoke: Wand              |       |       |     1 ||     1
  Use: Scroll            |     3 |     6 |     1 ||    10
       Potion            |       |     6 |     1 ||     7
 Stab: Invisible         |       |     1 |       ||     1
  Eat: Ration            |     2 |       |       ||     2
Armor: Robe              |     9 |     2 |       ||    11
       Skin              |     1 |     2 |     2 ||     5
Dodge: Dodged            |    29 |    73 |    45 ||   147

Table legend:
 A = Turns spent in this place as a percentage of turns spent in the entire game.
 B = Non-inter-level travel turns spent in this place as a percentage of non-inter-level travel turns spent in the entire game.
 C = Inter-level travel turns spent in this place as a percentage of turns spent in this place.
 D = Turns resting spent in this place as a percentage of non-inter-level travel turns spent in this place.
 E = Turns spent auto-exploring this place as a percentage of non-inter-level travel turns spent in this place.
 F = Non-inter-level travel turns spent in this place divided by the number of levels of this place that you've seen.
                   A       B       C       D       E      F
               +-------+-------+-------+-------+-------+----------------------
         Total | 100.0 | 100.0 |   0.0 |   0.0 |   0.0 | 181.2
       Dungeon | 100.0 | 100.0 |   0.0 |   0.0 |   0.0 | 181.2
               +-------+-------+-------+-------+-------+----------------------

Table legend:
 A = Kills in this place as a percentage of kills in entire the game.
 B = Kills by you in this place as a percentage of kills by you in the entire game.
 C = Kills by friends in this place as a percentage of kills by friends in the entire game.
 D = Other kills in this place as a percentage of other kills in the entire game.
 E = Experience gained in this place as a percentage of experience gained in the entire game.
 F = Experience gained in this place divided by the number of levels of this place that you have seen.
                   A       B       C       D       E      F
               +-------+-------+-------+-------+-------+----------------------
         Total | 100.0 | 100.0 | 100.0 |   N/A | 100.0 | 138.8
       Dungeon | 100.0 | 100.0 | 100.0 |   N/A | 100.0 | 138.8
               +-------+-------+-------+-------+-------+----------------------

Vault maps used:
D:1:      scummos_arrival_simple_fountains
D:3:      cheibrodos_fertilizer, elyvilon_altar_5, first_ration, uniq_grinder
D:4:      kennysheep_generic_room_2
D:5:      kennysheep_mini_moat, minmay_temple_entry_large_hall
D:6:      lightli_corner_chamber
